 Dungeon Crawl Stone Soup version 0.29-a0-664-gff9cad4a3d (webtiles) character file.

Game seed: 13822788451220562042

149023 frimble the Cleaver (level 17, 0/125 HPs)
             Began as an Octopode Venom Mage on June 23, 2022.
             Was the Champion of Ashenzari.
             Engulfed by a cloud of freezing vapour (18 damage)
             ... on level 3 of the Elven Halls.
             The game lasted 01:19:22 (35744 turns).

frimble the Cleaver (Octopode Venom Mage)          Turns: 35744, Time: 01:19:22

Health: 0/125      AC: 12    Str:  9    XL:     17   Next: 50%
Magic:  13/33      EV: 20    Int: 28    God:    Ashenzari [******]
Gold:   1955       SH:  8    Dex: 14    Spells: 14/40 levels left

rFire   . . .      SeeInvis +   G - +4 hand axe "Irritation of Ashenzari" {flame, Elem, Cun} (curse)
rCold   . . .      Faith    .   A - +0 buckler of the Ruined Sky {Comp, Elem} (curse)
rNeg    . . .      Spirit   .   q - +2 hat "Chained Together" {Evo, Fort} (curse)
rPois   +          Reflect  .   M - amulet "Shattered Soothsayer" {Regen+, Self, Elem} (curse)
rElec   .          Harm     .   e - ring "Share My Unpleasantness" {rCorr Int+6, Melee, Range} (curse)
rCorr   +          Rampage  .   D - ring "Cursed Disappointment" {Will+, Elem, Evo} (curse)
Will    ++++.      Clarity  +   K - ring of the Astrological Sybil {Will+, Range, Bglg} (curse)
Stlth   ++++++....              N - ring "Oscillating Fan" {AC+4, Range, Bglg} (curse)
HPRegen 1.10/turn               O - ring of the Wild Blue Yonder {AC+4, Cun, Bglg} (curse)
MPRegen 0.23/turn               S - ring of the Gnostic Jealousy {Wiz, Range, Self} (curse)
                                V - ring "Chained Negation" {Will+, Alch, Elem} (curse)
                                n - ring "Stellar Seeker" {rPois, Evo, Cun} (curse)

@: studying Slings
A: almost no armour, amphibious, 8 rings, camouflage 1, gelatinous body 1,
(nimble swimmer 1), tentacles, shaggy fur 1
a: Renounce Religion, Shatter the Chains


You were on level 3 of the Elven Halls.
You worshipped Ashenzari.
Ashenzari was exalted by your worship.
You visited 5 branches of the dungeon, and saw 27 of its levels.
You also visited: Sewer, Ice Cave and Volcano.

You collected 4292 gold pieces.
You spent 2337 gold pieces at shops.

Inventory:

Hand Weapons
 G - the cursed +4 hand axe "Irritation of Ashenzari" (weapon) {flame, Elem, Cun}
   (You found it on level 9 of the Dungeon)

   It burns those it strikes, dealing additional fire damage.
   Big, fiery blades are also staple armaments of hydra-hunters.
   It has a curse which improves the following skills: Elements: Fire Magic, Ice
   Magic, Air Magic and Earth Magic.
   Cunning:   Dodging and Stealth.
Missiles
 c - 18 javelins
 g - 21 boomerangs
 Q - 5 throwing nets
Armour
 q - the cursed +2 hat "Chained Together" (worn) {Evo, Fort}
   (You found it on level 4 of the Dungeon)

   It has a curse which improves the following skills: Evocations: Evocations.
   Fortitude: Shields.
 A - the cursed +0 buckler of the Ruined Sky (worn) {Comp, Elem}
   (You found it on level 1 of the Dungeon)

   It has a curse which improves the following skills: Companions: Summonings
   and Necromancy.
   Elements:  Fire Magic, Ice Magic, Air Magic and Earth Magic.
 W - a +0 buckler
Jewellery
 e - the cursed ring "Share My Unpleasantness" (left tentacle) {rCorr Int+6, Melee, Range}
   (You acquired it on level 3 of the Dungeon)

   [ring of intelligence]

   Int:       It affects your intelligence (+6).
   rCorr:     It protects you from acid and corrosion.
   It has a curse which improves the following skills: Melee Combat: Short
   Blades, Long Blades, Axes, Maces & Flails, Polearms, Staves and Unarmed
   Combat.
   Ranged Combat: Slings, Bows, Crossbows and Throwing.
 n - the cursed ring "Stellar Seeker" (on tentacle) {rPois, Evo, Cun}
   (You found it on level 6 of the Lair of Beasts)

   [ring of poison resistance]

   rPois:     It protects you from poison.
   It has a curse which improves the following skills: Evocations: Evocations.
   Cunning:   Dodging and Stealth.
 D - the cursed ring "Cursed Disappointment" (right tentacle) {Will+, Elem, Evo}
   (You found it on level 8 of the Dungeon)

   [ring of willpower]

   Will:      It increases your willpower.
   It has a curse which improves the following skills: Elements: Fire Magic, Ice
   Magic, Air Magic and Earth Magic.
   Evocations: Evocations.
 K - the cursed ring of the Astrological Sybil (on tentacle) {Will+, Range, Bglg}
   (You found it on level 10 of the Dungeon)

   [ring of willpower]

   Will:      It increases your willpower.
   It has a curse which improves the following skills: Ranged Combat: Slings,
   Bows, Crossbows and Throwing.
   Beguiling: Conjurations, Hexes and Translocations.
 M - the cursed amulet "Shattered Soothsayer" (around mantle) {Regen+, Self, Elem}
   (You bought it in a shop on level 2 of the Orcish Mines)

   [amulet of regeneration]

   Regen:     It increases your rate of health regeneration.
   It has a curse which improves the following skills: Introspection: Fighting
   and Spellcasting.
   Elements:  Fire Magic, Ice Magic, Air Magic and Earth Magic.
 N - the cursed ring "Oscillating Fan" (on tentacle) {AC+4, Range, Bglg}
   (You bought it in a shop on level 2 of the Orcish Mines)

   [ring of protection]

   AC:        It affects your AC (+4).
   It has a curse which improves the following skills: Ranged Combat: Slings,
   Bows, Crossbows and Throwing.
   Beguiling: Conjurations, Hexes and Translocations.
 O - the cursed ring of the Wild Blue Yonder (on tentacle) {AC+4, Cun, Bglg}
   (You bought it in a shop on level 2 of the Orcish Mines)

   [ring of protection]

   AC:        It affects your AC (+4).
   It has a curse which improves the following skills: Cunning: Dodging and
   Stealth.
   Beguiling: Conjurations, Hexes and Translocations.
 S - the cursed ring of the Gnostic Jealousy (on tentacle) {Wiz, Range, Self}
   (You found it on level 11 of the Dungeon)

   [ring of wizardry]

   It improves your spell success rate.
   It has a curse which improves the following skills: Ranged Combat: Slings,
   Bows, Crossbows and Throwing.
   Introspection: Fighting and Spellcasting.
 V - the cursed ring "Chained Negation" (on tentacle) {Will+, Alch, Elem}
   (You found it on level 1 of the Lair of Beasts)

   [ring of willpower]

   Will:      It increases your willpower.
   It has a curse which improves the following skills: Alchemy: Poison Magic and
   Transmutations.
   Elements:  Fire Magic, Ice Magic, Air Magic and Earth Magic.
 Z - a +6 ring of strength
Wands
 b - a wand of polymorph (20)
 i - a wand of acid (5)
 j - a wand of paralysis (21)
 t - a wand of iceblast (33)
 C - a wand of mindburst (5)
 L - a wand of digging (7)
Scrolls
 h - 4 scrolls of enchant weapon
 k - 14 scrolls of teleportation
 u - 6 scrolls of amnesia
 w - 2 scrolls of magic mapping
 y - 5 scrolls of blinking
 z - a scroll of summoning
 B - 5 scrolls of enchant armour
 E - 6 scrolls of poison
 F - 4 scrolls of fog
 H - 4 scrolls of vulnerability
 I - a scroll of immolation
 J - a scroll of brand weapon
 U - 4 scrolls of fear
 X - a scroll of silence
Potions
 a - 2 potions of magic
 d - 5 potions of resistance
 l - 5 potions of brilliance
 m - 6 potions of curing
 o - 4 potions of ambrosia
 p - 2 potions of invisibility
 r - 3 potions of attraction
 s - 5 potions of haste
 v - 2 potions of berserk rage
 x - 8 potions of might
 P - 2 potions of cancellation
 T - 3 potions of flight
 Y - a potion of mutation
Miscellaneous
 R - a condenser vane


   Skills:
 - Level 10.1(14.0) Fighting
 + Level 12.9(15.5) Axes
 - Level 9.0(14.1) Dodging
 - Level 7.7(12.8) Stealth
 + Level 11.5(14.1) Shields
 - Level 8.0(12.0) Spellcasting
 - Level 4.0(8.5) Conjurations
 - Level 0.1(0.9) Translocations
 - Level 8.3(11.0) Transmutations
 - Level 7.0(13.9) Fire Magic
 - Level 12.8(20.0) Ice Magic
 - Level 4.0(10.2) Air Magic
 - Level 8.2(10.9) Poison Magic
 - Level 10.9(16.0) Evocations


You had 14 spell levels left.
You knew the following spells:

 Your Spells              Type           Power      Damage    Failure   Level
a - Sting                 Tmut/Pois      100%       1d8       1%          1
b - Olgreb's Toxic Radia  Pois           67%        N/A       1%          4
c - Apportation           Tloc           44%        N/A       1%          1
d - Ignite Poison         Fire/Tmut/Pois 71%        N/A       1%          3
e - Passwall              Tmut/Erth      41%        N/A       1%          2
f - Freezing Cloud        Conj/Ice/Air   36%        6-21      1%          5
g - Ozocubu's Refrigerat  Ice            45%        4d14      1%          7
h - Ozocubu's Armour      Ice            91%        N/A       0%          3

Your spell library contained the following spells:

 Spells                   Type           Power      Damage    Failure   Level
 Frozen Ramparts          Ice            100%       1d12      0%          3
 Beastly Appendage        Tmut           100%       N/A       1%          1
 Foxfire                  Conj/Fire      100%       2x1d9     1%          1
 Necrotize                Necr           72%        1d7       1%          1
 Summon Small Mammal      Summ           72%        N/A       1%          1
 Ensorcelled Hibernation  Hex/Ice        100%       N/A       1%          2
 Poisonous Vapours        Pois/Air       100%       N/A       1%          2
 Wereblood                Tmut           68%        N/A       1%          2
 Dazzling Flash           Conj/Hex       84%        N/A       1%          3
 Inner Flame              Hex/Fire       55%        N/A       1%          3
 Mephitic Cloud           Conj/Pois/Air  64%        N/A       1%          3
 Spider Form              Tmut/Pois      68%        N/A       1%          3
 Stone Arrow              Conj/Erth      86%        3d12      1%          3
 Swiftness                Air            65%        N/A       1%          3
 Ice Form                 Ice/Tmut       81%        N/A       1%          4
 Summon Ice Beast         Ice/Summ       65%        N/A       1%          4
 Fulminant Prism          Conj/Hex       21%        3d13      2%          4
 Iskenderun's Mystic Bla  Conj/Tloc      43%        2d10      2%          4
 Confusing Touch          Hex            21%        N/A       3%          3
 Gell's Gravitas          Tloc           22%        N/A       3%          3
 Teleport Other           Tloc           22%        N/A       3%          3
 Yara's Violent Unravell  Hex/Tmut       24%        3d11      4%          5
 Cause Fear               Hex            10%        N/A       11%         4
 Animate Dead             Necr           18%        N/A       13%         4
 Lee's Rapid Deconstruct  Erth           11%        3d9*      26%         5
 Borgnjor's Vile Clutch   Necr/Erth      10%        N/A       30%         5
 Dispersal                Tloc           11%        N/A       80%         6
 Death Channel            Necr           9%         N/A       86%         6
 Enfeeble                 Hex            10%        N/A       100%        7
 Discord                  Hex            10%        N/A       100%        8
 Chain Lightning          Conj/Air       31%        3d41      100%        9


Dungeon Overview and Level Annotations

Branches:
Dungeon (15/15)            Temple (1/1) D:7            Lair (6/6) D:10
 Shoals (0/4) Lair:2        Snake (0/4) Lair:4        Slime (0/5) Lair:5
    Orc (2/2) D:10            Elf (3/3) Orc:2        Vaults (0/5) D:14
 Depths (0/4) D:15          Sewer (visited)           IceCv (visited)
Volcano (visited)

Altars:
Ashenzari
Cheibriados
Dithmenos
Elyvilon
Fedhas
Gozag
Hepliaklqana
Kikubaaqudgha
Makhleb
Nemelex Xobeh
Okawaru
Qazlal
Ru
Sif Muna
Trog
Uskayaw
Vehumet
Wu Jian
Xom
Yredelemnul
Zin
The Shining One
Beogh
Jiyva

Shops:
D:4 (   D:6 ?   D:9 (   D:10 [   Orc:2 (=*=(   Elf:3 [(

Annotations:
D:2 1 runed translucent door, Crazy Yiuf
D:4 2 runed translucent doors, exclusion: phantom, samgaumpmail's ghost, amateur TrHW
D:5 Grinder
D:8 exclusions: swamp worm and 2 more exclusions
D:9 3 runed translucent doors, valliere's ghost, journeyman DrMo
D:10 2 transporters
Elf:2 3 runed translucent doors


Innate Abilities, Weirdness & Mutations

You cannot wear most types of armour.
You are amphibious.
You can wear up to eight rings at the same time.
Your skin changes colour to match your surroundings (Stealth+).
Your rubbery body absorbs attacks. (AC +1, EV +1)
((You are camouflaged when in or above water. (Stealth+)))
You have tentacles for arms and can constrict up to eight enemies at once.
You are covered in fur. (AC +1)


Message History

Aiming: Freezing Cloud (mildly dangerous; 1% risk of failure)
Press: ? - help, Dir - move target, f - deep elf master archer
Aim: a deep elf master archer, wielding a +2 longbow of flaming and wearing a +0 plate armour of cold resistance The deep elf master archer is engulfed in freezing vapours.
The deep elf master archer shoots an arrow.
The arrow hits you!! The arrow burns you.
The deep elf master archer is engulfed in freezing vapours.
The deep elf master archer shoots an arrow.
You block the arrow.
The deep elf master archer shoots an arrow.
The arrow misses you.
Casting: Freezing Cloud (mildly dangerous; 1% risk of failure)
Confirm with . or Enter, or press ? or * to list all spells.
You begin to radiate toxic energy.
The deep elf master archer is poisoned.
The deep elf master archer looks even sicker.
The deep elf master archer is engulfed in freezing vapours.
The deep elf master archer shoots an arrow.
The arrow hits you!! The arrow burns you.
The deep elf master archer is engulfed in freezing vapours.
The deep elf master archer shoots an arrow.
The arrow hits you. The arrow burns you.
Your toxic aura wanes.
The deep elf master archer shoots an arrow.
The arrow hits you!!
* * * LOW HITPOINT WARNING * * *
The arrow burns you!
* * * LOW HITPOINT WARNING * * *
The deep elf master archer is engulfed in freezing vapours.
The deep elf master archer shoots an arrow.
You block the arrow.
Casting: Olgreb's Toxic Radiance (safe; 1% risk of failure)
Confirm with . or Enter, or press ? or * to list all spells.
Okay, then.
Casting: Olgreb's Toxic Radiance (safe; 1% risk of failure)
Confirm with . or Enter, or press ? or * to list all spells.
Aiming: Freezing Cloud (mildly dangerous; 1% risk of failure)
Press: ? - help, Dir - move target, p - deep elf master archer That beam is likely to hit you.
Continue anyway?
You are engulfed in freezing vapours.
You die...

##≈≈≈≈≈≈≈≈≈≈≈≈≈≈≈≈≈≈≈≈≈≈≈≈≈≈≈≈≈≈#
.##≈≈≈≈≈≈≈≈≈≈≈≈≈≈≈≈≈≈≈≈≈≈≈≈≈≈≈≈≈#
..###############################
...+...................[..))....#
.E.+................).......))..#
...#+####'########'#####+#'######
..##....#......)...#.....#).....#
.##.....'........§§#§....#......#
##......#.......@§§§§..).'......#
'...###########.##§##############
#...#############..§###########
#.).##########..#.).#$$########
#...########.[..#.)e#[$?$######
#...#### ∆∆∆∆.###)###{∆∆∆∆ *
#..)####∆∆∆∆∆ ##.))).##*{ ∆∆, *
#...##[!∆∆∆***.{.......** ∆ ∆*
##'###$|∆** , , .....,, **,


You could see a deep elf master archer (very poisoned).

Vanquished Creatures
  A deep elf master archer (Elf:3)
  2 deep elf blademasters (Elf:3)
  2 deep elf sorcerers (Elf:3)
  4 deep elf elementalists
  Nessos (D:12)
  5 deep elf demonologists
  5 deep elf annihilators
  2 deep elf death magi
  Snorg (Orc:1)
  An ettin (Orc:1)
  A fire dragon (Lair:6)
  3 deep elf high priests (Elf:3)
  A rakshasa (D:14)
  8 vault guards (D:14)
  Harold (D:11)
  3 boulder beetles
  An ogre mage (D:15)
  3 hydras
  3 centaur warriors
  17 dancing weapons
  8 two-headed ogres
  5 death yaks (Lair:6)
  3 tengu warriors
  Urug (Orc:1)
  Nergalle (D:11)
  9 orc high priests (Orc:2)
  4 deep elf knights
  5 skeletal warriors
  A flayed ghost (D:15)
  5 deep elf archers
  A storm dragon skeleton (D:15)
  A swamp dragon (Lair:6)
  5 wizards (Volcano)
  2 orc knights (Orc:2)
  18 deep elf zephyrmancers
  A necromancer (D:15)
  6 ugly things
  24 deep elf pyromancers
  A wolf spider (Lair:6)
  A cyclops (D:11)
  2 manticores
  3 merfolk sirens (Lair:2)
  A salamander (shapeshifter) (Elf:3)
  A frost giant skeleton (D:15)
  2 guardian serpents
  5 toenail golems (Volcano)
  6 elephants
  10 black mambas
  3 gargoyles
  2 centaur zombies (D:10)
  15 cane toads
  An unseen horror (D:12)
  6 komodo dragons
  A yaktaur (D:15)
  Psyche (D:11)
  5 tengu conjurers
  An ice devil (IceCv)
  A merfolk (Lair:2)
  5 rime drakes
  An efreet (D:14)
  3 trolls
  6 meliai
  A queen bee (shapeshifter) (D:14)
  Prince Ribbit (D:5)
  A queen bee (Lair:5)
  16 slime creatures
  20 blink frogs
  4 hornets
  An ettin zombie (D:15)
  A culicivora (shapeshifter) (D:13)
  12 wyverns
  5 vampires
  An air elemental (Elf:1)
  A shadow (D:12)
  2 wraiths
  4 water elementals
  3 steam dragons (Lair:6)
  49 yaks
  A fire elemental (Elf:1)
  A redback (Lair:6)
  5 basilisks
  6 vampire mosquitoes
  A swamp worm (shapeshifter) (Elf:2)
  7 wargs
  7 acid dragons
  23 water moccasins
  Duvessa (D:4)
  A swamp drake (Lair:6)
  A black bear (D:5)
  A human skeleton (D:15)
  A sky beast (D:7)
  16 orc warriors
  2 ice beasts
  7 wolves
  4 ogres
  3 centaurs
  A kobold brigand (D:9)
  A phantom (D:4)
  Blork the orc (D:6)
  2 gnoll sergeants
  9 bullfrogs
  A necrophage (D:5)
  A two-headed ogre simulacrum (IceCv)
  5 scorpions
  5 wights (D:10)
  Dowan (D:4)
  2 elephant simulacra (IceCv)
  23 killer bees
  8 howler monkeys
  6 electric eels
  37 orc priests
  2 jellies
  3 hounds
  2 gnoll shamans
  10 iguanas
  16 orc wizards
  A spriggan simulacrum (IceCv)
  20 gnolls
  13 adders
  2 naga simulacra (IceCv)
  6 river rats
  A shadow imp (D:6)
  A white imp (D:8)
  An ufetubus (D:7)
  5 worms
  90 orcs
  9 ball pythons
  7 endoplasms
  3 giant cockroaches
  3 goblins
  3 hobgoblins
  9 jackals (D:3)
  3 quokkas
  3 bats
  10 frilled lizards
  8 kobolds
  18 rats
810 creatures vanquished.

Vanquished Creatures (collateral kills)
  An orc warrior (Orc:2)
  An orc priest (Orc:2)
  An orc wizard (Orc:2)
  3 orcs (Orc:2)
6 creatures vanquished.

Vanquished Creatures (others)
  A bush (D:6)
  67 fungi
  54 plants
  10 withered plants (D:15)
132 creatures vanquished.

Grand Total: 948 creatures vanquished

Notes
Turn   | Place    | Note
-------+----------+-------------------------------------------
     0 | D:1      | frimble the Octopode Venom Mage began the quest for the
                  | Orb.
     0 | D:1      | Reached XP level 1. HP: 11/11 MP: 3/3
   357 | D:1      | Reached XP level 2. HP: 15/17 MP: 1/5
  1528 | D:2      | Reached XP level 3. HP: 21/21 MP: 3/6
  1854 | D:3      | Found a glowing silver altar of Zin.
  1855 | D:3      | Found a faded altar of an unknown god.
  1878 | D:3      | Noticed a scorpion
  1880 | D:3      | Identified a scroll of acquirement
  1880 | D:3      | Acquired the ring "Edinaz" {rCorr Int+6}
  1888 | D:3      | Killed a scorpion
  1889 | D:3      | Reached XP level 4. HP: 16/27 MP: 0/8
  1889 | D:3      | Gained mutation: You are covered in fur. (AC +1) [potion of
                  | mutation]
  1967 | D:3      | Reached XP level 5. HP: 6/31 MP: 1/9
  2256 | D:2      | Learned a level 4 spell: Olgreb's Toxic Radiance
  2333 | D:2      | Reached skill level 5 in Poison Magic
  2727 | D:2      | Found a burning altar of Makhleb.
  2830 | D:2      | Found a runed translucent door.
  2831 | D:2      | Noticed Crazy Yiuf
  3406 | D:3      | Reached XP level 6. HP: 16/36 MP: 1/11
  3954 | D:3      | Learned a level 1 spell: Apportation
  3968 | D:4      | Noticed Duvessa
  3968 | D:4      | Noticed Dowan
  3981 | D:4      | Killed Duvessa
  3983 | D:4      | Killed Dowan
  3984 | D:4      | Reached XP level 7. HP: 37/46 MP: 0/13
  4383 | D:4      | Found a sacrificial altar of Ru.
  4881 | D:4      | Found a runed translucent door.
  4883 | D:4      | Noticed samgaumpmail's ghost (amateur TrHW)
  5001 | D:4      | Found a radiant altar of Vehumet.
  5037 | D:4      | Learned a level 3 spell: Ignite Poison
  5142 | D:4      | Found a runed translucent door.
  5206 | D:4      | Found a hazy altar of Hepliaklqana.
  5207 | D:4      | Found a shadowy altar of Dithmenos.
  5207 | D:4      | Noticed a shadow
  5260 | D:4      | Found Ugoamn's Weapon Shoppe.
  5448 | D:5      | Entered Level 5 of the Dungeon
  5612 | D:5      | Reached skill level 1 in Fire Magic
  5614 | D:5      | Noticed Grinder
  5645 | D:5      | Reached XP level 8. HP: 18/52 MP: 4/14
  5686 | D:5      | Noticed Prince Ribbit
  5768 | D:5      | Found a glowing drain.
  5780 | Sewer    | Entered a sewer
  6805 | D:5      | Killed Prince Ribbit
  6806 | D:5      | Reached skill level 5 in Fighting
  7178 | D:5      | Reached skill level 1 in Evocations
  7228 | D:6      | Noticed a hornet
  7235 | D:6      | Killed a hornet
  7350 | D:6      | Reached XP level 9. HP: 57/61 MP: 12/15
  7410 | D:6      | Noticed Blork the orc
  7526 | D:6      | Killed Blork the orc
  7529 | D:6      | Reached skill level 5 in Spellcasting
  7749 | D:6      | Reached skill level 5 in Stealth
  8156 | D:6      | Found Daci's Magic Scroll Boutique.
  8162 | D:6      | Bought a scroll of magic mapping for 45 gold pieces
  8162 | D:6      | Bought a scroll of teleportation for 39 gold pieces
  8254 | D:6      | Found a sparkling altar of Nemelex Xobeh.
  8604 | D:7      | Found a staircase to the Ecumenical Temple.
  8819 | D:7      | Reached skill level 5 in Evocations
  9020 | Temple   | Entered the Ecumenical Temple
  9522 | D:7      | Found an iron altar of Okawaru.
  9983 | D:7      | Reached XP level 10. HP: 66/69 MP: 17/17
 10941 | D:7      | Reached skill level 1 in Shields
 11319 | D:8      | Noticed a two-headed ogre
 11328 | D:8      | Killed a two-headed ogre
 11593 | D:8      | Acquired 1255 gold pieces
 11869 | D:8      | Found a broken altar of Ashenzari.
 11916 | D:8      | Found a stormy altar of Qazlal.
 11940 | D:8      | Reached skill level 5 in Transmutations
 11978 | D:8      | Became a worshipper of Ashenzari the Shackled
 12629 | D:9      | Reached skill level 5 in Fire Magic
 12744 | D:9      | Found a shimmering blue altar of Sif Muna.
 12765 | D:9      | Reached XP level 11. HP: 22/74 MP: 3/18
 13131 | D:9      | Found Queng's Weapon Boutique.
 13144 | D:9      | Noticed a two-headed ogre
 13163 | D:9      | Killed a two-headed ogre
 13298 | D:9      | Found a runed translucent gate.
 13298 | D:9      | Found a runed translucent gate.
 13298 | D:9      | Found a runed translucent gate.
 13303 | D:9      | Reached * piety under Ashenzari
 13304 | D:9      | Noticed valliere's ghost (journeyman DrMo)
 13476 | D:9      | Identified the +3 robe of the Peculiar Stories {rF- rC+
                  | rCorr}
 13514 | D:9      | Learned a level 2 spell: Passwall
 13583 | D:10     | Entered Level 10 of the Dungeon
 13613 | D:10     | Reached skill level 1 in Axes
 13673 | D:10     | Found a transporter.
 13731 | D:10     | Found a transporter.
 13732 | D:10     | Noticed an orc high priest
 13733 | D:10     | Noticed an orc knight
 13758 | D:10     | Noticed a two-headed ogre
 13854 | D:10     | Identified the +2 helmet of Gehenna {rF+ Str+2 Dex+6
                  | Slay-2}
 13906 | D:10     | Found a staircase to the Lair.
 14526 | D:10     | Found a staircase to the Orcish Mines.
 14631 | Orc:1    | Entered Level 1 of the Orcish Mines
 14648 | Orc:1    | Noticed an ettin
 14657 | Orc:1    | Killed an ettin
 14658 | Orc:1    | Reached skill level 5 in Axes
 14663 | Orc:1    | Noticed Urug
 14680 | Orc:1    | Noticed Snorg
 14684 | Orc:2    | Entered Level 2 of the Orcish Mines
 14684 | Orc:2    | Noticed an orc high priest
 14692 | Orc:2    | Noticed an orc knight
 14912 | Orc:1    | Reached ** piety under Ashenzari
 14950 | Orc:1    | Killed Snorg
 15296 | Orc:1    | Killed Urug
 15794 | Orc:2    | Found Pinneziul's Assorted Antiques.
 15852 | Orc:2    | Bought a potion of heal wounds for 130 gold pieces
 15852 | Orc:2    | Bought 2 potions of haste for 520 gold pieces
 16007 | Orc:2    | Killed an orc high priest
 16076 | Orc:2    | Killed an orc knight
 16077 | Orc:2    | Reached XP level 12. HP: 85/85 MP: 0/19
 16112 | Orc:2    | Noticed an orc high priest
 16197 | Orc:2    | Killed an orc high priest
 16198 | Orc:2    | Reached skill level 5 in Dodging
 16800 | Orc:2    | Found Boqig's Antique Weapon Boutique.
 16800 | Orc:2    | Found Faprikid's Jewellery Emporium.
 16800 | Orc:2    | Noticed an orc high priest
 16800 | Orc:2    | Noticed an orc high priest
 16800 | Orc:2    | Noticed an orc high priest
 16800 | Orc:2    | Noticed an orc high priest
 16804 | Orc:2    | Killed an orc high priest
 16804 | Orc:2    | Killed an orc high priest
 16804 | Orc:2    | Killed an orc high priest
 16806 | Orc:2    | Killed an orc high priest
 16926 | Orc:2    | Bought an amulet of regeneration for 480 gold pieces
 16947 | Orc:2    | Noticed an orc high priest
 16954 | Orc:2    | Killed an orc high priest
 17174 | Orc:2    | Noticed an orc high priest
 17174 | Orc:2    | Noticed an orc high priest
 17180 | Orc:2    | Killed an orc high priest
 17189 | Orc:2    | Killed an orc high priest
 17303 | Orc:2    | Found Zimog's Jewellery Boutique.
 17303 | Orc:2    | Found Bor Loub's Antique Weapon Emporium.
 17321 | Orc:2    | Bought a +4 ring of protection for 396 gold pieces
 17321 | Orc:2    | Bought a +4 ring of protection for 396 gold pieces
 17362 | Orc:2    | Found a staircase to the Elven Halls.
 18108 | D:10     | Found Cadmus's Dragon-Slaying Spoils.
 18239 | D:10     | Found a basalt altar of Yredelemnul.
 18391 | D:11     | Reached *** piety under Ashenzari
 18688 | D:11     | Noticed Nergalle
 18696 | D:11     | Killed Nergalle
 18697 | D:11     | Reached XP level 13. HP: 94/94 MP: 11/24
 18899 | D:11     | Noticed Harold
 18906 | D:11     | Killed Harold
 18969 | D:11     | Noticed Psyche
 18972 | D:11     | Killed Psyche
 19074 | D:11     | Reached **** piety under Ashenzari
 19738 | D:12     | Noticed Nessos
 19743 | D:12     | Killed Nessos
 19902 | D:12     | Learned a level 5 spell: Freezing Cloud
 19962 | Lair:1   | Entered Level 1 of the Lair of Beasts
 20080 | Lair:1   | Reached skill level 1 in Ice Magic
 20083 | Lair:1   | Reached skill level 1 in Conjurations
 20083 | Lair:1   | Reached skill level 1 in Air Magic
 20290 | Lair:1   | Reached ***** piety under Ashenzari
 21721 | Lair:2   | Found a staircase to the Shoals.
 22474 | Lair:4   | Found a frozen archway.
 22480 | IceCv    | Entered an ice cave
 22584 | IceCv    | Noticed a reaper
 22749 | Lair:4   | Learned a level 7 spell: Ozocubu's Refrigeration
 22776 | Lair:4   | Learned a level 3 spell: Ozocubu's Armour
 22848 | Lair:4   | Reached XP level 14. HP: 90/104 MP: 5/27
 23015 | Lair:4   | Reached skill level 10 in Axes
 23035 | Lair:4   | Reached skill level 5 in Ice Magic
 23276 | Lair:4   | Found a staircase to the Snake Pit.
 24153 | Lair:5   | Found a viscous altar of Jiyva.
 24153 | Lair:5   | Found a staircase to the Slime Pits.
 24628 | Lair:6   | Entered Level 6 of the Lair of Beasts
 24662 | Lair:6   | Found a dark tunnel.
 24672 | Volcano  | Entered a volcano
 25546 | Lair:6   | Identified the +3 ring mail "Dyenuran" {Will+}
 25818 | Lair:6   | Reached ****** piety under Ashenzari
 25838 | Lair:6   | Reached skill level 10 in Ice Magic
 25846 | Lair:6   | Reached XP level 15. HP: 99/110 MP: 18/28
 26519 | Lair:6   | Identified the +6 short sword of Cixzuema {freeze, rF+}
 27190 | D:12     | Identified the +2 helmet of Privacy {-Cast +Blink rF++
                  | Int-2}
 28943 | D:13     | Identified the +1 chain mail of Bedazzled the Leaf {rPois
                  | rF- rCorr Str+5}
 29243 | D:14     | Found a gate to the Vaults.
 29250 | D:14     | Reached skill level 10 in Fighting
 30014 | D:15     | Entered Level 15 of the Dungeon
 30349 | D:15     | Found a staircase to the Depths.
 30376 | D:15     | Reached XP level 16. HP: 106/119 MP: 17/31
 31500 | Elf:1    | Entered Level 1 of the Elven Halls
 31500 | Elf:1    | Found the brooch of Shielding {Spirit SH+8}
 31736 | Elf:1    | Paralysed by an air elemental for 1 turns
 31741 | Elf:1    | Paralysed by an air elemental for 1 turns
 31824 | Elf:1    | Identified Lom Lobon's Incunabulum of Arcane Weapons
 32932 | Elf:2    | Identified the +9 morningstar of Rynidd {drain, rPois rC+
                  | Int+4}
 33170 | Elf:2    | Identified the amulet of Wisdom {Faith Drain rF+ rC+ rN+}
 33281 | Elf:2    | Reached skill level 10 in Evocations
 33448 | Elf:2    | Found a runed translucent gate.
 33465 | Elf:2    | Found a runed translucent gate.
 33465 | Elf:2    | Found a runed translucent gate.
 33688 | Elf:2    | Reached skill level 10 in Shields
 34094 | Elf:3    | Entered Level 3 of the Elven Halls
 34109 | Elf:3    | Found Ruw Lemova's Antique Weapon Emporium.
 34114 | Elf:3    | Bought an iridescent war axe for 331 gold pieces
 34114 | Elf:3    | Identified the +9 war axe "Hell-Harrower" {venom, Fragile
                  | rElec Dex+4} (You bought it in a shop on level 3 of the
                  | Elven Halls)
 34232 | Elf:3    | Reached XP level 17. HP: 90/125 MP: 28/33
 34604 | Elf:3    | Found Zistrut's Antique Armour Boutique.
 34843 | Elf:3    | Identified the +9 rapier "Ipitif" {drain, Int+5 Stlth-}
 35136 | Elf:3    | Noticed a deep elf master archer
 35281 | Elf:3    | Noticed a deep elf blademaster
 35294 | Elf:3    | Killed a deep elf blademaster
 35310 | Elf:3    | Noticed a deep elf blademaster
 35316 | Elf:3    | Killed a deep elf blademaster
 35471 | Elf:3    | Noticed a deep elf master archer
 35482 | Elf:3    | Killed a deep elf master archer
 35591 | Elf:3    | Identified the +9 flail "Xyxohang" {protect, Stlth+}
 35599 | Elf:3    | Noticed a Brimstone Fiend
 35611 | Elf:3    | Identified the +3 flail "Ymmux" {antimagic, rF+ Str+5
                  | Int-5}
 35744 | Elf:3    | Engulfed by a cloud of freezing vapour

Illustrated notes

Levels and vault maps discovered:
D:1:      minmay_arrival_three_doors, layout_basic
D:2:      layout_loops_ring, basic_altar, kennysheep_flooded_box,
          roderic_serpentine_path, st_stairs_2, uniq_crazy_yiuf_cottage
D:3:      layout_rooms, mainiacjoe_overflow_alcove_4,
          hellmonk_ecumenical_altar_run_dry, grunt_decor_fettered
D:4:      layout_basic, riverfiend_overflow_shadow_ancestor,
          mainiacjoe_overflow_surrounded_room, nicolae_ru_path_of_blood,
          serial_shops, nicolae_shop_advertising_works
          [nicolae_subvault_shop_adworks], ebering_ghost_sewer_f,
          nicolae_concentric_dashed_squares_mild, uniq_duvessa
D:5:      layout_basic, lightli_sewer_entry_pipes, uniq_prince_ribbit1,
          uniq_grinder
D:6:      layout_cave_pools, nemelex_diamond_rough_becter, serial_shops,
          nicolae_diamond_shop, kb_lookout_dungeons_type,
          kennysheep_decorative_pillar, uniq_blork_the_orc
D:7:      layout_layer_cave, old_standard_altar, minmay_temple_entry_overgrown,
          minivault_1, grunt_decor_cap, chequers_serial_rivers_large_a,
          kennysheep_generic_room_16
D:8:      layout_cave_pools, nicolae_qazlal_general_emergency,
          mainiacjoe_overflow_24_doors, worms_lemuel
D:9:      layout_irregular_city, mainiacjoe_overflow_catwalk,
          gammafunk_ghost_necromancy, serial_shops, shop, chequers_arboretum,
          minivault_21, hangedman_decor_slide_cut
D:10:     gammafunk_beogh_shrine, layout_stronghold,
          lemuel_zombie_altar_yredelemnul, david_lair_shrubbed, david_orc_2,
          nicolae_shop_dragon_depot, nicolae_twisting_strands,
          nicolae_concentric_dashed_squares_wild
D:11:     layout_grid_maze, minivault_22, uniq_harold, uniq_nergalle,
          uniq_psyche
D:12:     layout_gridville, uniq_nessos
D:13:     layout_stronghold
D:14:     layout_basic, erik_vaults_2
D:15:     gammafunk_depths_entry_grave, layout_loops_ring, minmay_crystal_room
Temple:   jpeg_temple_clearing
Lair:1:   layout_chaotic_city
Lair:2:   layout_layer_cave, elwin_shoals_entry_stream, nzn_random_ring,
          grunt_megastairs_1, serial_bayou_shore_b
Lair:3:   layout_loops_ring, serial_bayou_shore_b
Lair:4:   layout_hall_layers, minmay_snake_entry_spellcaster,
          portal_ice_cave_demonic_guard, disabler_island
Lair:5:   layout_cave_shapes, dpeg_slime_entry_corner, special_room
          [special_room_bee], nzn_sisyphean_effort, grunt_megastairs_2,
          lemuel_fruit_tree
Lair:6:   hangedman_lair_tendril_chambers, layout_loops_ring,
          guppyfry_lair_end_dragon, nicolae_volcano_entry_hallway
Orc:1:    layout_diamond_mine, uniq_urug, uniq_snorg
Orc:2:    st_orc_town, layout_caves, serial_shops, nicolae_shop_waterfront
Elf:1:    layout_gridlike, minmay_elf_sorcery
Elf:2:    nicolae_elf_blades_crystal_corner, layout_gridlike,
          guppyfry_library_mini
Elf:3:    minmay_elf_hall_not_hex, layout_geoelf_castle, serial_shops,
          shop_statue, minmay_shop_star

Skill      XL: |  1  2  3  4  5  6  7  8  9 10 11 12 13 14 15 16 17 |
---------------+----------------------------------------------------+-----
Stealth        | 3 6 7 |  7.7
Poison Magic   | 4 5 7 8 |  8.2
Transmutations | 2 3 4 6 8 |  8.3
Spellcasting   | 3 4 5 6 7 8 |  8.0
Fighting       | 3 5 6 9 10 | 10.1
Fire Magic     | 1 3 4 5 7 |  7.0
Evocations     | 4 5 6 7 10 | 10.9
Dodging        | 3 4 9 |  9.0
Shields        | 6 7 10 11 | 11.5
Axes           | 5 6 9 11 12 | 12.9
Ice Magic      | 4 10 12 | 12.8
Conjurations   | 4 |  4.0
Air Magic      | 4 |  4.0
Translocations | |  0.1

Action                   |  1- 3 |  4- 6 |  7- 9 | 10-12 | 13-15 | 16-18 || total
-------------------------+-------+-------+-------+-------+-------+-------++-------
Melee: Unarmed           |    24 |    32 |   210 |    54 |       |       ||   320
       Tentacles         |     5 |    14 |    69 |    55 |   286 |   181 ||   610
       Constrict         |     3 |    11 |    50 |    28 |    77 |    51 ||   220
       Punch             |       |       |     3 |     2 |    14 |    15 ||    34
       Hand axe          |       |       |       |   147 |   808 |   460 ||  1415
 Cast: Sting             |    56 |    49 |    81 |    70 |    17 |     5 ||   278
       Olgreb's Toxic Ra |       |     7 |    32 |    65 |    59 |    36 ||   199
       Apportation       |       |       |     3 |     4 |    13 |       ||    20
       Ignite Poison     |       |       |     1 |    50 |    27 |    20 ||    98
       Passwall          |       |       |       |     5 |     6 |     1 ||    12
       Freezing Cloud    |       |       |       |       |     8 |    18 ||    26
       Ozocubu's Refrige |       |       |       |       |    48 |    22 ||    70
       Ozocubu's Armour  |       |       |       |       |     7 |     8 ||    15
Invok: Curse Item        |       |       |       |     6 |     6 |       ||    12
Evoke: Wand              |       |       |    10 |    24 |    30 |     3 ||    67
  Use: Scroll            |     3 |       |    13 |     7 |     1 |     5 ||    29
       Potion            |       |     5 |     3 |     6 |       |     7 ||    21
 Stab: Sleeping          |       |     1 |    15 |     3 |    28 |    14 ||    61
       Distracted        |       |       |       |     1 |     3 |     1 ||     5
Armor: Skin              |     2 |     7 |    40 |    38 |   132 |    61 ||   280
Dodge: Dodged            |    36 |    55 |   171 |   168 |   419 |   206 ||  1055
Block: Buckler           |       |       |       |    50 |   138 |    90 ||   278

Table legend: (Time is in decaauts)
 A = Elapsed time spent in this place.
 B = Non-inter-level travel time spent in this place.
 C = Inter-level travel time spent in this place.
 D = Time resting spent in this place.
 E = Time spent auto-exploring this place.
 F = Levels seen in this place.
 G = Mean time per level.
                   A        B        C        D        E       F      G
               +--------+--------+--------+--------+--------+-----+--------+
         Total |  35333 |  33860 |   1473 |   2094 |  25523 |  30 | 1177.8 |
       Dungeon |  20320 |  19347 |    973 |   1054 |  15259 |  15 | 1354.7 |
        Temple |    172 |    154 |     18 |      0 |    143 |   1 |  172.0 |
          Lair |   6135 |   5883 |    252 |     10 |   4637 |   6 | 1022.5 |
  Orcish Mines |   3169 |   3002 |    167 |    609 |   1844 |   2 | 1584.5 |
   Elven Halls |   4104 |   4044 |     60 |    330 |   2831 |   3 | 1368.0 |
         Sewer |    742 |    742 |      0 |      0 |    578 |   1 |  742.0 |
      Ice Cave |    244 |    244 |      0 |     67 |      6 |   1 |  244.0 |
       Volcano |    444 |    444 |      0 |     24 |    225 |   1 |  444.0 |
               +--------+--------+--------+--------+--------+-----+--------+

Top non-repeatable levels by time:
     D:2: 2057 daAuts
     D:7: 2028 daAuts
   Orc:2: 1738 daAuts
  Lair:6: 1722 daAuts
     D:9: 1689 daAuts
   Elf:3: 1599 daAuts
     D:4: 1535 daAuts
    D:10: 1506 daAuts
   Orc:1: 1430 daAuts
  Lair:2: 1384 daAuts
   Elf:1: 1379 daAuts
    D:11: 1367 daAuts
    D:15: 1270 daAuts
    D:13: 1250 daAuts
     D:5: 1230 daAuts
